 Dungeon Crawl Stone Soup version 0.26-b1-32-g5d43845318 (webtiles) character file.

Game seed: 400952368718098730

120 MajorAdolf the Skirmisher (level 5, -9/52 HPs)
             Began as a Naga Wanderer on Jan 8, 2021.
             Mangled by an ogre
             ... wielding a +0 giant club
              (22 damage)
             ... on level 4 of the Dungeon.
             The game lasted 00:02:48 (3397 turns).

MajorAdolf the Skirmisher (Naga Wanderer)           Turns: 3397, Time: 00:02:48

Health: -9/52      AC:  3    Str: 16    XL:     5   Next: 4%
Magic:  5/5        EV: 10    Int: 11    God:
Gold:   139        SH:  4    Dex: 11    Spells: 4/4 levels left

rFire    . . .     SeeInvis +   a - +2 short sword
rCold    . . .     Faith    .   f - +0 buckler (curse)
rNeg     . . .     Spirit   .   i - +1 robe {Will+}
rPois    +         Reflect  .   (no helmet)
rElec    .         Harm     .   (no cloak)
rCorr    .         Rampage  .   (no gloves)
Will     +....                  (no barding)
Stlth    ++........             g - amulet of magic regeneration
HPRegen  0.17/turn              (no ring)
MPRegen  0.34/turn              (no ring)

@: short of breath, very slow
A: large, see invisible, deformed body, poison resistance, slowness 2, spit
poison 1, AC +1
a: Spit Poison


You were on level 4 of the Dungeon.
You visited 1 branch of the dungeon, and saw 4 of its levels.

You collected 139 gold pieces.

Inventory:

Hand Weapons
 a - a +2 short sword (weapon)
 e - a +0 dagger
Armour
 d - a +0 robe
 f - a cursed +0 buckler (worn)
 i - a +1 robe of willpower (worn)
Jewellery
 g - an amulet of magic regeneration (around neck)
Scrolls
 c - a scroll of noise {unknown}
 h - a scroll of enchant weapon {unknown}
 p - 2 scrolls of teleportation
 q - a scroll of fear {unknown}
 r - 3 scrolls of remove curse {unknown}
Potions
 b - a potion of curing
 j - 2 potions of flight {unknown}
 k - a potion of attraction {unknown}
 l - 3 potions of berserk rage {unknown}
 m - 2 potions of cancellation {unknown}
 n - 2 potions of haste {unknown}
 o - a potion of brilliance {unknown}


   Skills:
 + Level 5.2 Fighting
 - Level 1.0 Short Blades
 - Level 1.5 Dodging
 - Level 3.0 Stealth
 - Level 2.4 Shields
 - Level 1.0 Evocations


You had 4 spell levels left.
You didn't know any spells.
Your spell library was empty.

Dungeon Overview and Level Annotations

Branches:
Dungeon (4/15)
 Temple: D:4-7

Altars:
Yredelemnul

Annotations:
D:3 1 runed translucent door
D:4 exclusion: ogre, Sigmund


Innate Abilities, Weirdness & Mutations

You cannot wear boots.
Your serpentine skin is tough. (AC +1)
You have supernaturally acute eyesight. (SInv)
Armour fits poorly on your strangely shaped body.
Your system is resistant to poisons. (rPois)
You cover ground very slowly.
You can spit poison.


Message History

Found a stone staircase leading up.
An ogre comes into view. It is wielding a +0 giant club.
The ogre shouts!
Found a scroll of teleportation.
Press: ? - help, Shift-Dir - straight line, f - ogre
Aim: an ogre, wielding a +0 giant club The splash of poison hits the ogre!
The ogre is poisoned.
The ogre is heavily wounded.
Unknown command.
The ogre hits you with a +0 giant club!!
You have got your breath back.
Press: ? - help, Shift-Dir - straight line, f/p - ogre
Aim: an ogre, wielding a +0 giant club (heavily wounded, poisoned)
The splash of poison hits the ogre.
The ogre looks even sicker.
The ogre is severely wounded.
The ogre hits you with a +0 giant club!!
* * * LOW HITPOINT WARNING * * *
Unknown command.
The ogre hits you with a +0 giant club!!
You die...

#.. ...# #.# #............ ##.#
###.######.# #.###########
.#.#####..........# #.#
O.............###.###)# ######
#.# ###.#.#.#..#...#.######....#
#.# #.#.#.#..#...............#
#.# ##.#.#.#..#....#######....#
#.####>...................[.....
#.......#.#.#..@............#.##
.######.####....O...######..##..#
......................####.......
.######.......<..................
########.#...#..#.####...#...
.........#.#.#...............
##########+#.##...........###
#..........#.######.....
...................#....


You could see an ogre (poisoned).

Vanquished Creatures
  A scorpion (D:4)
  3 adders (D:2)
  3 worms
  A dart slug (D:2)
  An orc (D:3)
  3 bats
  4 goblins
  4 hobgoblins
  6 kobolds
  3 frilled lizards
  A quokka skeleton (D:4)
  4 rats
34 creatures vanquished.

Notes
Turn   | Place    | Note
-------+----------+-------------------------------------------
     0 | D:1      | MajorAdolf the Naga Wanderer began the quest for the Orb.
     0 | D:1      | MajorAdolf set off with the following items: a +2 short
                  | sword, a potion of curing, a scroll of teleportation, a +0
                  | robe, a +0 dagger
     0 | D:1      | Reached XP level 1. HP: 22/22 MP: 1/1
   240 | D:1      | Reached skill level 1 in Shields
   240 | D:1      | Reached XP level 2. HP: 15/30 MP: 2/2
   844 | D:2      | Found a faded altar of an unknown god.
   871 | D:2      | Reached XP level 3. HP: 24/36 MP: 3/3
  1322 | D:2      | Noticed an ogre
  1715 | D:3      | Found a runed translucent door.
  1715 | D:3      | Noticed a human
  1778 | D:3      | Reached XP level 4. HP: 35/45 MP: 4/4
  2323 | D:3      | Found a basalt altar of Yredelemnul.
  2922 | D:4      | Noticed Sigmund
  2994 | D:4      | Reached skill level 5 in Fighting
  2994 | D:4      | Reached XP level 5. HP: 37/52 MP: 5/5
  3369 | D:4      | Noticed an ogre
  3389 | D:4      | Noticed an ogre
  3397 | D:4      | Mangled by an ogre

Illustrated notes

Levels and vault maps discovered:
D:1:      dpeg_arrival_shrine, layout_rooms
D:2:      minmay_thinvault, layout_basic, lightli_temple_of_fire,
          chequers_ecumenical_altar_simple_redux
D:3:      layout_basic, serial_rivers, chequers_serial_rivers_small_a,
          chequers_serial_rivers_room_b, chequers_serial_rivers_small_3,
          chequers_serial_rivers_room_a, dk_yredelemnul_ordeal
D:4:      layout_basic, gammafunk_ghost_grave, uniq_sigmund, uniq_pikel

Skill      XL: |  1  2  3  4 |
---------------+-------------+-----
Shields        | 1 2 |  2.4
Fighting       | 5 |  5.2
Short Blades   | |  1.0
Dodging        | |  1.5
Stealth        | |  3.0
Evocations     | |  1.0

Action                   |  1- 3 |  4- 6 || total
-------------------------+-------+-------++-------
Melee: Short sword       |    82 |    40 ||   122
 Abil: Spit Poison       |     1 |     7 ||     8
  Use: Scroll            |     1 |       ||     1
 Stab: Sleeping          |     6 |     1 ||     7
Armor: Robe              |    13 |     4 ||    17
Dodge: Dodged            |    38 |    14 ||    52
Block: Buckler           |    13 |     7 ||    20
